 Dungeon Crawl Stone Soup version 0.25.0-10-g039870ee82 (webtiles) character file.

Game seed: 16886718037746170796

752 mopl the Chopper (level 7, -2/52 HPs)
             Began as a Demonspawn Fighter on June 23, 2020.
             Slain by a large abomination (18 damage)
             ... on level 1 of the Abyss.
             The game lasted 00:05:06 (4407 turns).

mopl the Chopper (Demonspawn Fighter)               Turns: 4407, Time: 00:05:07

Health: -2/52      AC: 21    Str: 18    XL:     7   Next: 49%
Magic:  7/7        EV:  4    Int:  9    God:
Gold:   183        SH:  9    Dex: 13    Spells: 6/6 levels left

rFire    . . .     SeeInvis .   a - +0 war axe
rCold    . . .     Gourm    .   c - +0 kite shield
rNeg     . . .     Faith    .   r - +0 chain mail
rPois    .         Spirit   .   (no helmet)
rElec    .         Reflect  .   n - +0 cloak
rCorr    .         Harm     .   s - +0 pair of gloves
MR       .....                  (no boots)
Stlth    ..........             (no amulet)
HPRegen  0.17/turn              l - +4 ring of protection
MPRegen  0.10/turn              (no ring)

@: sanguine armour
A: talons 1, rot immunity, sanguine armour 1
a: no special abilities


You were on level 1 of the Abyss.
You were hungry.

You visited 1 branch of the dungeon, and saw 5 of its levels.
You visited the Abyss 1 time.

You collected 183 gold pieces.

Inventory:

Hand Weapons
 a - a +0 war axe (weapon)
Armour
 c - a +0 kite shield (worn)
 n - a +0 cloak (worn)
 r - a +0 chain mail (worn)
 s - a +0 pair of gloves (worn)
Jewellery
 l - a +4 ring of protection (left hand)
Scrolls
 b - a scroll of magic mapping {unknown}
 e - a scroll of enchant armour {unknown}
 g - 4 scrolls of identify {unknown}
 h - 3 scrolls of teleportation {unknown}
 j - 3 scrolls of remove curse {unknown}
 m - 2 scrolls of enchant weapon {unknown}
 t - a scroll of blinking {unknown}
Potions
 d - a potion of stabbing {unknown}
 i - a potion of heal wounds
 o - a potion of flight {unknown}
 p - 5 potions of curing {unknown}
 q - a potion of mutation {unknown}
Comestibles
 f - 7 rations


   Skills:
 - Level 3.0 Fighting
 + Level 7.9 Axes
 - Level 2.6 Armour
 - Level 2.6 Shields


You had 6 spell levels left.
You didn't know any spells.
Your spell library was empty.

Dungeon Overview and Level Annotations

Branches:
Dungeon (5/15)             Temple (0/1) D:4

Altars:
Elyvilon
Kikubaaqudgha
Qazlal

Annotations:
D:3 2 transporters, IHuginn's ghost, weakling GrFi


Innate Abilities, Weirdness & Mutations

You have sharp toenails.
You are immune to rotting.
When seriously injured, your bleeding wounds create armour. (AC +6)


Message History

Your blood armour dries and flakes away.
Found a short sword.
A large abomination comes into view.
You are feeling hungry.
All of the chunks of flesh in your inventory have rotted away.
g - 4 scrolls labeled OROTYATT FOSOM (gained 1)
You start resting.
The large abomination is too close now for your liking.
Okay, then.
You slash the large abomination! You claw the large abomination!
The large abomination is moderately damaged.
The large abomination hits you!!
Ouch! That really hurt!
* * * LOW HITPOINT WARNING * * *
Your blood congeals into armour.
You feel much better. The large abomination hits you!
You slash the large abomination!
The large abomination is heavily damaged.
The large abomination hits you!!
You die...

# ##. ...# #
#.#...#
###.##..#
#...##.#. X.#
#..#..##...#
.##.... . ?#
#.#....####..
........X.#
.#.
##....#.@## #
..##...### .#
#.## ## ...
.#. .#


You could see a large abomination.

Vanquished Creatures
  Grinder (D:3)
  A phantom (D:3)
  Crazy Yiuf (D:2)
  2 orc priests
  Jessica (D:3)
  An orc wizard (D:4)
  3 worker ants
  A hound skeleton (D:4)
  6 gnolls (D:2)
  7 adders
  2 adder skeletons (D:4)
  A worm (D:3)
  A dart slug (D:1)
  A leopard gecko (D:3)
  8 orcs
  4 bats (D:1)
  5 giant cockroaches
  7 goblins
  12 hobgoblins
  11 jackals
  7 kobolds
  2 quokkas
  A ball python (D:4)
  4 frilled lizards
  8 rats
98 creatures vanquished.

Vanquished Creatures (others)
  An orc wizard (D:3)
1 creature vanquished.

Grand Total: 99 creatures vanquished

Notes
Turn   | Place    | Note
-------+----------+-------------------------------------------
     0 | D:1      | mopl the Demonspawn Fighter began the quest for the Orb.
     0 | D:1      | Reached XP level 1. HP: 18/18 MP: 1/1
    39 | D:1      | Reached skill level 2 in Axes
   126 | D:1      | Gained mutation: When seriously injured, your bleeding
                  | wounds create armour. (AC +6) [demonic ancestry]
   126 | D:1      | Reached XP level 2. HP: 24/24 MP: 2/2
   446 | D:1      | Reached skill level 3 in Axes
   594 | D:1      | Gained mutation: You have sharp toenails. [demonic
                  | ancestry]
   594 | D:1      | Reached XP level 3. HP: 29/29 MP: 3/3
  1130 | D:2      | Reached skill level 4 in Axes
  1130 | D:2      | Reached XP level 4. HP: 21/35 MP: 4/4
  1662 | D:2      | Found a runed translucent door.
  1663 | D:2      | Noticed Crazy Yiuf
  1868 | D:2      | Killed Crazy Yiuf
  1868 | D:2      | Reached XP level 5. HP: 13/41 MP: 5/5
  2132 | D:3      | Noticed Grinder
  2138 | D:3      | Noticed Jessica
  2167 | D:3      | Reached skill level 5 in Axes
  2170 | D:3      | Paralysed by Grinder for 4 turns
  2172 | D:3      | HP: 2/41 [Grinder/nerve-wracking pain (6)]
  2176 | D:3      | Paralysed by Grinder for 3 turns
  2180 | D:3      | Killed Jessica
  2186 | D:3      | Paralysed by Grinder for 2 turns
  2188 | D:3      | Killed Grinder
  2188 | D:3      | Reached skill level 6 in Axes
  2188 | D:3      | Gained mutation: You are immune to rotting. [demonic
                  | ancestry]
  2188 | D:3      | Reached XP level 6. HP: 7/47 MP: 6/6
  2478 | D:3      | Found a transporter.
  2536 | D:3      | Found a transporter.
  2536 | D:3      | Noticed IHuginn's ghost (weakling GrFi)
  2831 | D:3      | Reached skill level 7 in Axes
  2831 | D:3      | Reached XP level 7. HP: 50/52 MP: 7/7
  2965 | D:3      | Found an ancient bone altar of Kikubaaqudgha.
  2966 | D:3      | Found a stormy altar of Qazlal.
  3208 | D:4      | Found a staircase to the Ecumenical Temple.
  4172 | D:4      | Found a white marble altar of Elyvilon.
  4324 | D:5      | Entered Level 5 of the Dungeon
  4355 | D:5      | Cast into level 1 of the Abyss (gnoll)
  4407 | Abyss:1  | Slain by a large abomination

Illustrated notes

Levels and vault maps discovered:
D:1:      minmay_arrival_loop, layout_rooms, serial_co_window_serial,
          co_window_paths_b, co_window_corner_a, co_window_corner_a,
          co_window_corner_a, co_window_paths_b, co_window_paths_b,
          co_window_of_opportunity_a, co_window_cross_3,
          co_window_of_opportunity_c, co_window_corner_b, co_window_corner_cb,
          co_window_broadway_b, co_window_2corner, co_window_corner_ca,
          glass_columns_a, glass_columns_a, st_stairs_10
D:2:      layout_loops_ring, kennysheep_doodads, uniq_crazy_yiuf_cottage
D:3:      layout_loops_ring, gammafunk_temple_overflow_wave,
          gammafunk_ghost_stat_death, uniq_jessica, uniq_grinder
D:4:      layout_cave_pools, marbit_many_paths,
          minmay_temple_entry_statues_fountains, minivault_5
D:5:      layout_basic, first_ration
Abyss:1:  base:
D:2

Skill      XL: |  1  2  3  4  5  6 |
---------------+-------------------+-----
Axes           | 2 3 4 6 7 |  7.9
Fighting       | |  3.0
Armour         | |  2.6
Shields        | |  2.6

Action                   |  1- 3 |  4- 6 |  7- 9 || total
-------------------------+-------+-------+-------++-------
Melee: War axe           |    85 |   133 |    95 ||   313
       Kick              |     7 |    37 |    20 ||    64
  Use: Potion            |       |     2 |     1 ||     3
  Eat: Chunk             |     1 |     5 |     5 ||    11
Armor: Scale mail        |    46 |    51 |       ||    97
       Chain mail        |       |     7 |    66 ||    73
Dodge: Dodged            |    38 |    29 |    18 ||    85
Block: Kite shield       |    42 |    54 |    47 ||   143
